 Dungeon Crawl Stone Soup version 0.29-a0-598-gd8304a5bf4 (webtiles) character file.

Game seed: 6472463154950016648

84 bande the Covered (level 4, -5/29 HPs)
             Began as a Gargoyle Fighter on June 15, 2022.
             Slain by a gnoll
             ... wielding a +0 halberd
              (6 damage)
             ... on level 2 of the Dungeon.
             The game lasted 00:02:40 (2183 turns).

bande the Covered (Gargoyle Fighter)                Turns: 2183, Time: 00:02:40

Health: -5/29      AC: 12    Str: 19    XL:     4   Next: 46%
Magic:  4/4        EV:  9    Int:  9    God:
Gold:   53         SH:  4    Dex: 11    Spells: 3/3 levels left

rFire   . . .      SeeInvis .   a - +0 war axe
rCold   . . .      Faith    .   c - +0 buckler
rNeg    + . .      Spirit   .   b - +0 scale mail
rPois   ∞          Reflect  .   e - +0 hat
rElec   +          Harm     .   f - +1 cloak
rCorr   .          Rampage  .   (no gloves)
Will    .....                   (no boots)
Stlth   ..........              (no amulet)
HPRegen 0.09/turn               (no ring)
MPRegen 0.09/turn               (no ring)

@: no status effects
A: sickness immunity, AC +3, negative energy resistance 1, electricity
resistance, torment resistance 1, petrification resistance
a: no special abilities


You were on level 2 of the Dungeon.
You visited 1 branch of the dungeon, and saw 2 of its levels.

You collected 53 gold pieces.

Inventory:

Hand Weapons
 a - a +0 war axe (weapon)
Missiles
 k - 5 boomerangs of dispersal (quivered)
Armour
 b - a +0 scale mail (worn)
 c - a +0 buckler (worn)
 e - a +0 hat (worn)
 f - a +1 cloak (worn)
Jewellery
 n - a ring of ice
Scrolls
 i - 2 scrolls of identify
Potions
 d - a potion of might
 g - 2 potions of brilliance
 j - a potion of mutation
 l - 2 potions of flight


   Skills:
 + Level 3.8 Fighting
 + Level 2.9 Axes
 + Level 4.0 Armour
 + Level 3.7 Shields


You had 3 spell levels left.
You didn't know any spells.
Your spell library contained the following spells:

 Spells                   Type           Power      Damage    Failure   Level
 Shock                    Conj/Air       0%         1d3       83%         1
 Swiftness                Air            0%         N/A       99%         3
 Airstrike                Air            0%         N/A       100%        4


Dungeon Overview and Level Annotations

Branches:
Dungeon (2/15)

Altars:


Innate Abilities, Weirdness & Mutations

You are immune to sickness and miasma.
Your stone body is resilient. (AC +3)
You are immune to poison.
You resist negative energy. (rN+)
You are resistant to electric shocks. (rElec)
You are resistant to unholy torment.
You are immune to petrification.


Message History

The gnoll is moderately wounded.
You barely miss the gnoll. The gnoll barely misses you.
The gnoll hits you from afar with a +0 halberd.
* * * LOW HITPOINT WARNING * * *
The gnoll closely misses you.
You slash the gnoll!
The gnoll is almost dead.
You hit the gnoll. The gnoll barely misses you.
The gnoll hits you but does no damage. x2; The gnoll hits you with a +0 flail.
* * * LOW HITPOINT WARNING * * *
The gnoll closely misses you. The gnoll hits you with a +0 spear.
* * * LOW HITPOINT WARNING * * *
You feel better. The gnoll hits you with a +0 flail.
* * * LOW HITPOINT WARNING * * *
You block the gnoll's attack.
The gnoll hits you from afar with a +0 halberd.
* * * LOW HITPOINT WARNING * * *
You slash the gnoll!
You kill the gnoll!
You barely miss the gnoll. The gnoll hits you but does no damage.
The gnoll closely misses you. The gnoll closely misses you.
The gnoll hits you but does no damage.
Things that are here:
a +0 flail; a gnoll corpse Unknown command.
You slash the gnoll!
The gnoll is heavily wounded.
You hit the gnoll. You block the gnoll's attack.
The gnoll hits you with a +0 halberd.
* * * LOW HITPOINT WARNING * * *
You closely miss the gnoll.
The gnoll is heavily wounded.
You hit the gnoll but do no damage. The gnoll hits you but does no damage.
The gnoll barely misses you. You block the gnoll's attack.
The gnoll barely misses you.
Unknown command.
You slash the gnoll!
You kill the gnoll!
You hit the gnoll. The gnoll hits you with a +0 halberd.
You die...

#.##.........#
#.#########.)## #.#
#....
#.#########.###
#........##.#
########...........#
#...>.##.######.#..#
#....)##.#.........#
#...g@...#.####.#.##
#.:...####.#
#..#.### #.....# #.#
#.###... ###.### #.#
##<#.### #.* #.#
##.#### #.* #.#
#..... **#,* #.#
#####. *,,,* #.# #.
*,*** #.# #.


You could see a gnoll.

Vanquished Creatures
  Natasha (D:2)
  2 gnolls (D:2)
  An adder (D:2)
  2 dart slugs (D:1)
  An orc (D:2)
  A ball python (D:2)
  6 bats (D:1)
  3 endoplasms (D:1)
  2 hobgoblins
  3 jackals (D:1)
  2 quokkas (D:2)
  2 frilled lizards (D:1)
  A goblin (D:1)
  5 kobolds
  2 rats (D:2)
34 creatures vanquished.

Notes
Turn   | Place    | Note
-------+----------+-------------------------------------------
     0 | D:1      | bande the Gargoyle Fighter began the quest for the Orb.
     0 | D:1      | Reached XP level 1. HP: 14/14 MP: 1/1
   256 | D:1      | Reached XP level 2. HP: 18/19 MP: 2/2
   699 | D:1      | Reached XP level 3. HP: 23/23 MP: 3/3
  1342 | D:2      | Found a faded altar of an unknown god.
  1376 | D:2      | Noticed Natasha
  1389 | D:2      | Killed Natasha
  1390 | D:2      | Reached XP level 4. HP: 17/29 MP: 4/4
  1854 | D:2      | Reached skill level 4 in Armour
  2177 | D:2      | HP: 1/29 [gnoll/+0 spear (1)]
  2183 | D:2      | Slain by a gnoll

Illustrated notes

Levels and vault maps discovered:
D:1:      shiori_angband_town, layout_loops_ring
D:2:      layout_loops_ring, hellmonk_ecumenical_altar_crossroads,
          corexii_shack, uniq_natasha

Skill      XL: |  1  2  3  4 |
---------------+-------------+-----
Axes           | 2 |  2.9
Armour         | 4 |  4.0
Fighting       | |  3.8
Shields        | |  3.7

Action                   |  1- 3 |  4- 6 || total
-------------------------+-------+-------++-------
Melee: War axe           |   116 |    31 ||   147
  Use: Scroll            |     5 |     4 ||     9
       Potion            |       |     1 ||     1
Armor: Scale mail        |    89 |    15 ||   104
Dodge: Dodged            |    62 |    20 ||    82
Block: Buckler           |    30 |    11 ||    41

Table legend: (Time is in decaauts)
 A = Elapsed time spent in this place.
 B = Non-inter-level travel time spent in this place.
 C = Inter-level travel time spent in this place.
 D = Time resting spent in this place.
 E = Time spent auto-exploring this place.
 F = Levels seen in this place.
 G = Mean time per level.
                   A        B        C        D        E       F      G
               +--------+--------+--------+--------+--------+-----+--------+
         Total |   2246 |   2246 |      0 |    331 |   1536 |   2 | 1123.0 |
       Dungeon |   2246 |   2246 |      0 |    331 |   1536 |   2 | 1123.0 |
               +--------+--------+--------+--------+--------+-----+--------+

Top non-repeatable levels by time:
     D:2: 1250 daAuts
     D:1: 996 daAuts
